 Dungeon Crawl Stone Soup version 0.28.0-53-g5a82cb258f (webtiles) character file.

Game seed: 6316700764812329780

755 hawla the Arsonist (level 7, -3/57 HPs)
             Began as a Deep Elf Fire Elementalist on Aug 5, 2022.
             Slain by Pikel
             ... wielding a +2 whip of electrocution
              (13 damage)
             ... on level 4 of the Dungeon.
             The game lasted 00:13:49 (5303 turns).

hawla the Arsonist (Deep Elf Fire Elementalist)     Turns: 5303, Time: 00:13:50

Health: -3/57      AC: 23    Str:  5    XL:     7   Next: 49%
Magic:  1/14       EV:  2    Int: 22    God:
Gold:   264        SH:  0    Dex: 15    Spells: 6/13 levels left

rFire   . . .      SeeInvis .   t - staff of cold
rCold   + . .      Faith    .   (no shield)
rNeg    . . .      Spirit   .   (armour currently unavailable)
rPois   +          Reflect  .   (helmet currently unavailable)
rElec   .          Harm     .   (cloak currently unavailable)
rCorr   .          Rampage  .   (gloves currently unavailable)
Will    .....      Rage     1%  (boots currently unavailable)
Stlth   ++........ NoTele   +   (no amulet)
HPRegen 0.19/turn               (no ring)
MPRegen 0.14/turn               (no ring)

@: brilliant, tree-form
A: stationary, stasis, torment immunity, boosted hp, (horns 1), berserk 1
a: no special abilities


You were on level 4 of the Dungeon.
You were a tree.
You visited 1 branch of the dungeon, and saw 5 of its levels.

You collected 264 gold pieces.

Inventory:

Missiles
 i - 6 boomerangs
 k - 2 throwing nets
Armour
 a - a +0 robe (melded)
 b - a +0 pair of boots (melded)
 j - a +0 helmet
 p - a +1 pair of gloves (melded)
Magical Staves
 t - a staff of cold (weapon)
Jewellery
 d - a ring of poison resistance
 h - a ring of see invisible
Scrolls
 c - a scroll of identify
 m - a scroll of enchant weapon
Potions
 e - a potion of cancellation
 g - a potion of resistance


   Skills:
 + Level 1.0 Fighting
 + Level 2.5 Dodging
 + Level 2.7 Stealth
 + Level 3.8 Spellcasting
 + Level 4.4 Conjurations
 + Level 8.1 Fire Magic


You had 6 spell levels left.
You knew the following spells:

 Your Spells              Type           Power      Damage    Failure   Level
a - Foxfire               Conj/Fire      100%       2x1d9     1%          1
b - Scorch                Fire           100%       2d10      1%          2
c - Flame Wave            Conj/Fire      48%        2d10      9%          4

Your spell library contained the following spells:

 Spells                   Type           Power      Damage    Failure   Level
 Conjure Flame            Conj/Fire      48%        6-21      2%          3
 Inner Flame              Hex/Fire       33%        N/A       6%          3
 Pain                     Necr           24%        1d5       12%         1


Dungeon Overview and Level Annotations

Branches:
Dungeon (5/15)
 Temple: D:4-7

Altars:
Fedhas

Shops:
D:3 :   D:4 (

Annotations:
D:4 Pikel


Innate Abilities, Weirdness & Mutations

You are a tree.
Your roots penetrate the ground, keeping you stationary.
You cannot be teleported.
You are immune to unholy pain and torment.
Your maximum health is greatly increased.
Your equipment is partially melded.
((You have a pair of small horns on your head.))
You tend to lose your temper in combat.


Message History

It was a potion of lignification.
You turn into a tree.
Your +1 pair of gloves melds into your body.
Your +0 pair of boots melds into your body.
Your +0 robe melds into your body.
Your roots penetrate the ground.
Pikel is no longer more vulnerable to fire.
The lemure hits you!
* * * LOW HITPOINT WARNING * * *
You feel better. The lemure hits you.
* * * LOW HITPOINT WARNING * * *
You hit the lemure but do no damage.
The lemure is heavily wounded.
The lemure hits you but does no damage.
You barely miss the lemure.
The lemure is heavily wounded.
The lemure hits you but does no damage.
You hit the lemure but do no damage.
The lemure is heavily wounded.
The lemure hits you but does no damage.
You barely miss the lemure.
The lemure is heavily wounded.
The lemure is no longer more vulnerable to fire.
The lemure hits you but does no damage.
You hit Pikel but do no damage.
Pikel is severely wounded.
Pikel hits you but does no damage.
You barely miss Pikel. You punch Pikel, but do no damage.
Pikel is severely wounded.
Pikel hits you but does no damage.
You hit Pikel but do no damage.
Pikel is severely wounded.
Pikel hits you but does no damage.
Casting: Scorch (safe; 1% risk of failure)
Confirm with . or Enter, or press ? or * to list all spells.
You feel a surge of power!
Flames lash Pikel.
Pikel is almost dead.
Pikel's fire resistance burns away.
Pikel hits you with a +2 whip of electrocution.
* * * LOW HITPOINT WARNING * * *
You are electrocuted!
You die...

#.....######....###...####.#..#..
###...# .# ..##5.##.........
.###. . ##§#K..#.(#...... . .. #.
#§§K#......#..... #.
#§.§#....).#..... #..
#§§§#....#.......
#.###5###...##......
##..K##.....####.... #
#..♣..#.#...........
#...#...#..####.[##.... #..
#####.## .###....
#...#...#..####.###....
#.....#..##...##.#..
##...##......# #...#
#.###.#>#.#.####.... #..
#...###.†##.....# #..
#...##.....≈.....


You could see Pikel (combustible) and a lemure.

Vanquished Creatures
  Menkaure (D:4)
  A sky beast (D:5)
  An ogre (D:5)
  A lemure (D:3)
  A phantom (D:3)
  A scorpion (D:5)
  A water moccasin skeleton (D:5)
  A jelly (D:5)
  A centaur skeleton (D:5)
  An orc wizard (D:5)
  7 gnolls
  5 adders
  A shadow imp (D:5)
  4 worms
  3 dart slugs
  9 orcs
  3 endoplasms
  3 giant cockroaches
  4 hobgoblins
  2 jackals (D:3)
  4 quokkas
  3 ball pythons
  4 bats
  4 frilled lizards
  2 goblins
  3 kobolds
  A rat (D:3)
72 creatures vanquished.

Vanquished Creatures (others)
  200 foxfires
200 creatures vanquished.

Grand Total: 272 creatures vanquished

Notes
Turn   | Place    | Note
-------+----------+-------------------------------------------
     0 | D:1      | hawla the Deep Elf Fire Elementalist began the quest for
                  | the Orb.
     0 | D:1      | Reached XP level 1. HP: 10/10 MP: 6/6
   277 | D:1      | Found a faded altar of an unknown god.
   281 | D:1      | Reached XP level 2. HP: 15/15 MP: 6/8
   284 | D:1      | Learned a level 2 spell: Scorch
   288 | D:1      | Got Plato's Guide on Sinister Arts
  1720 | D:2      | Reached skill level 4 in Fire Magic
  1720 | D:2      | Reached XP level 3. HP: 20/20 MP: 5/10
  2130 | D:3      | Gained mutation: You tend to lose your temper in combat.
                  | [potion of mutation]
  2130 | D:3      | Gained mutation: You have a pair of small horns on your
                  | head. [potion of mutation]
  2155 | D:3      | Found a blossoming altar of Fedhas.
  2431 | D:3      | Reached skill level 1 in Fighting
  2431 | D:3      | Reached XP level 4. HP: 25/25 MP: 1/11
  2442 | D:3      | Learned a level 4 spell: Flame Wave
  2718 | D:3      | Found Ijirph's Book Shop.
  2842 | D:3      | Reached skill level 5 in Fire Magic
  2936 | D:3      | Noticed a phantom
  2947 | D:3      | Killed a phantom
  2948 | D:3      | Reached XP level 5. HP: 17/29 MP: 1/12
  3332 | D:4      | Noticed a lemure
  3332 | D:4      | Noticed a lemure
  3332 | D:4      | Found Ruaxtep's Antique Weapon Shop.
  3334 | D:4      | Noticed Pikel
  3334 | D:4      | Noticed a lemure
  3336 | D:4      | Noticed a lemure
  3349 | D:3      | Reached skill level 6 in Fire Magic
  3631 | D:3      | Killed a lemure
  3753 | D:5      | Entered Level 5 of the Dungeon
  4064 | D:5      | Reached XP level 6. HP: 34/34 MP: 7/13
  4598 | D:5      | Noticed a sky beast
  4603 | D:5      | Killed a sky beast
  4604 | D:5      | Reached skill level 7 in Fire Magic
  4610 | D:5      | Reached XP level 7. HP: 24/38 MP: 4/14
  5275 | D:4      | Noticed Menkaure
  5277 | D:4      | Killed Menkaure
  5278 | D:4      | Reached skill level 8 in Fire Magic
  5303 | D:4      | Slain by Pikel

Illustrated notes

Levels and vault maps discovered:
D:1:      nicolae_arrival_somewhat_less_tricky_arrival, layout_loops_ring,
          shapermc_ecumenical_altar_rom_forum, serial_bayou_pond_c
D:2:      layout_basic
D:3:      layout_loops_ring, fedhas_ov_isle_minmay, serial_shops, shop,
          minmay_misc_feat_five, minmay_stone_trees_small, grunt_decor_cap,
          minmay_vboxes
D:4:      nicolae_cairo_tiling, layout_cave_pools,
          cheibrodos_sewer_entry_sluice, serial_shops, nicolae_shop_stone,
          uniq_menkaure, uniq_pikel
D:5:      layout_loops_ring

Skill      XL: |  1  2  3  4  5  6  7 |
---------------+----------------------+-----
Fire Magic     | 4 5 6 7 8 |  8.1
Fighting       | 1 |  1.0
Conjurations   | 2 3 4 |  4.4
Dodging        | |  2.5
Stealth        | |  2.7
Spellcasting   | |  3.8

Action                   |  1- 3 |  4- 6 |  7- 9 || total
-------------------------+-------+-------+-------++-------
Melee: Unarmed           |     5 |       |       ||     5
       Staff             |       |       |     7 ||     7
       Punch             |       |       |     1 ||     1
 Cast: Foxfire           |    49 |    59 |    14 ||   122
       Scorch            |     9 |    23 |    10 ||    42
       Flame Wave        |       |       |     1 ||     1
  Use: Scroll            |     6 |     1 |     3 ||    10
       Potion            |     1 |     1 |     5 ||     7
Armor: Robe              |       |    11 |     1 ||    12
       Skin              |       |       |     7 ||     7
Dodge: Dodged            |    10 |    22 |     4 ||    36
